 Dungeon Crawl Stone Soup version 0.31-a0-233-g139696dc86 (webtiles) character file.

Game seed: 17983073523168189337

35 qw the Shooter (level 3, -1/29 HPs)
             Began as a Minotaur Hexslinger on July 9, 2023.
             Slain by an adder (3 damage)
             ... on level 2 of the Dungeon.
             The game lasted 00:00:25 (1206 turns).

qw the Shooter (Minotaur Hexslinger)                Turns: 1206, Time: 00:00:26

Health: -1/29      AC:  2    Str: 12    XL:     3   Next: 16%
Magic:  3/3        EV: 12    Int: 10    God:
Gold:   108        SH:  0    Dex: 14    Spells: 3/4 levels left

rFire   + . .        Y - +1 sling
rCold   . . .        (no shield)
rNeg    . . .        c - +0 robe
rPois   .            (helmet restricted)
rElec   .            (no cloak)
rCorr   .            (no gloves)
SInv    .            (no boots)
Will    .....        (no amulet)
Stlth   +            e - ring of protection from fire
HPRegen 0.24/turn    (no ring)
MPRegen 0.08/turn

%: no passive effects
@: no status effects
A: horns 2, retaliatory headbutt
a: no special abilities


You were on level 2 of the Dungeon.
You visited 1 branch of the dungeon, and saw 2 of its levels.

You collected 108 gold pieces.


Innate Abilities, Weirdness & Mutations

You have a pair of horns on your head.
You reflexively headbutt those who attack you in melee.


   Skills:
 - Level 2.0 Fighting
 + Level 3.7 Ranged Weapons
 - Level 2.1 Dodging
 - Level 1.0 Spellcasting
 - Level 2.0 Hexes


You had 3 spell levels left.
You knew the following spells:

 Your Spells              Type           Power      Damage    Failure   Level
a - Slow                  Hex            16%        N/A       16%         1

Your spell library contained the following spells:

 Spells                   Type           Power      Damage    Failure   Level
 Inner Flame              Hex/Fire       2%         N/A       56%         3
 Portal Projectile        Hex/Tloc       4%         N/A       56%         3
 Cause Fear               Hex            2%         N/A       83%         4

Inventory:

Hand Weapons
 Y - a +1 sling (weapon)
Armour
 c - a +0 robe (worn)
Jewellery
 b - a ring of positive energy
 e - a ring of protection from fire (left hand)
Scrolls
 a - a scroll of fog {unknown}
 i - a scroll of vulnerability {unknown}
Potions
 d - a potion of ambrosia {unknown}
 f - a potion of cancellation {unknown}
 g - a potion of curing
 j - a potion of lignification {unknown}
 k - a potion of attraction {unknown}

Dungeon Overview and Level Annotations

Branches:
Dungeon (2/15)

Altars:


Message History

You shoot a sling bullet.
The sling bullet barely misses the adder.
You feel sick. The adder closely misses you.
You shoot a sling bullet.
The sling bullet hits the adder but does no damage.
The adder is moderately wounded.
Your surroundings suddenly seem different.
You feel sick.
Enter note:
Enter note: You start resting.
You feel sick.
You are no longer poisoned.
A kobold is nearby!
You shoot a sling bullet.
The sling bullet hits the kobold but does no damage.
You shoot a sling bullet. The sling bullet hits the kobold.
You kill the kobold!
You start resting.
An adder is nearby!
The adder hisses angrily.
You shoot a sling bullet.
The sling bullet closely misses the adder.
The adder bites you but does no damage.
You shoot a sling bullet. The sling bullet hits the adder.
The adder is moderately wounded.
The adder barely misses you.
You shoot a sling bullet. The sling bullet hits the adder.
The adder is severely wounded.
The adder bites you. x2
You shoot a sling bullet.
The sling bullet barely misses the adder.
The adder closely misses you. The adder bites you.
You shoot a sling bullet.
The sling bullet closely misses the adder.
The adder bites you but does no damage.
You shoot a sling bullet. The sling bullet hits the adder.
The adder is almost dead.
The adder bites you.
You die...

###### #.#
#....# #.#
#....# #.#
#....# ##
#....# .#
#....#
.#####....###
####
.#..........#
#..##..#
.#.##.......#
+@S....+
.#.#.....#.##
##8..8## ..
'#.#.)...#.#
#..## #.#
...#.....#.#
#..# #..
...'.....#.#
#..# #.#
...#.....#.###
#..# #.#
.............#
#.K# #.#
........#..#.#
#S## ##.###
..#.#....###.#
#..# #....#


You could see an adder.

Vanquished Creatures
  An adder (D:2)
  4 endoplasms
  2 goblins (D:1)
  4 hobgoblins
  A quokka (D:2)
  4 ball pythons (D:1)
  3 bats (D:1)
  A frilled lizard (D:2)
  2 kobolds (D:2)
  2 rats
24 creatures vanquished.

Notes
Turn   | Place    | Note
-------+----------+-------------------------------------------
     0 | D:1      | qw the Minotaur Hexslinger began the quest for the Orb.
     0 | D:1      | Reached XP level 1. HP: 16/16 MP: 1/1
     0 | D:1      | 0 ||| qw: Version: 0.3-a-51-g015441d
     0 | D:1      | 0 ||| qw: Game counter: 3855
     0 | D:1      | 0 ||| qw: Melee chars always use a shield: true
     0 | D:1      | 0 ||| qw: God list: Okawaru
     0 | D:1      | 0 ||| qw: Allow faded altars: false
     0 | D:1      | 0 ||| qw: Do Orc after clearing Dungeon:15 true
     0 | D:1      | 0 ||| qw: Do second Lair branch before Depths: true
     0 | D:1      | 0 ||| qw: Lair rune preference: random
     0 | D:1      | 0 ||| qw: Goals: Normal
     0 | D:1      | 0 ||| PLANNING D:1-11
   143 | D:1      | Reached skill level 3 in Ranged Weapons
   143 | D:1      | Reached XP level 2. HP: 23/23 MP: 2/2
   638 | D:1      | 638 ||| UPGRADING to ring of protection from fire.
   639 | D:1      | 639 ||| READING 2 scrolls labelled TILANUMUCLE.
   740 | D:1      | 740 ||| READING 2 scrolls labelled GAYRUSARUL.
   744 | D:1      | 744 ||| READING scroll labelled WAHAMP MIOTS.
   745 | D:1      | 745 ||| READING 2 scrolls labelled FELODGH PATOTHRU.
   746 | D:1      | 746 ||| READING scroll labelled DUESCHE DAUSOCU.
   747 | D:1      | 747 ||| DRINKING 2 golden potions.
   748 | D:1      | 748 ||| DROPPING scroll of silence.
   749 | D:1      | 749 ||| DROPPING scroll of poison.
   750 | D:1      | 750 ||| DROPPING scroll of noise.
   928 | D:2      | Reached XP level 3. HP: 9/29 MP: 3/3
   930 | D:2      | HP: 7/29 [poisoned by an adder]
  1178 | D:2      | HP: 7/29 [adder (3)]
  1179 | D:2      | 1179 ||| READING scroll of teleportation.
  1203 | D:2      | HP: 7/29 [adder (2)]
  1203 | D:2      | HP: 3/29 [adder (4)]
  1204 | D:2      | HP: 1/29 [adder (2)]
  1206 | D:2      | Slain by an adder

Levels and vault maps discovered:
D:1:      dpeg_arrival_ternary, layout_loops_ring, feat_on_display
D:2:      minmay_chambers_of_twos, layout_basic

Skill      XL: |  1  2 |
---------------+-------+-----
Ranged Weapons | 3 |  3.7
Fighting       | 2 |  2.0
Dodging        | |  2.1
Spellcasting   | |  1.0
Hexes          | |  2.0

Action                     || total
---------------------------++-------
   Fire: Sling             ||    87
    Use: Scroll            ||     6
         Potion            ||     1
 Armour: Robe              ||     7
  Dodge: Dodged            ||    28

Table legend:
 A = Non-vault XP
 B = Vault XP
 C = Vault XP percentage of total XP
 D = Non-vault monster count
 E = Vault monster count
 F = Vault count percentage of total count
                 A         B        C        D         E       F
            +---------+---------+-------+---------+---------+-------
      Total |      47 |       3 |   6.0 |      22 |       2 |   8.3
            +---------+---------+-------+---------+---------+-------
        D:1 |      23 |       0 |   0.0 |      14 |       0 |   0.0
        D:2 |      24 |       3 |  11.1 |       8 |       2 |  20.0
            +---------+---------+-------+---------+---------+-------
